 Dungeon Crawl Stone Soup version 0.23.0-3-gf3c87f2 (webtiles) character file.

Game seed: 8386462190677013706

884 zishaf the Artisan of Death (level 7, -1/55 HPs)
             Began as a Deep Dwarf Necromancer on Feb 21, 2019.
             Was a Priest of Kikubaaqudgha.
             Slain by an orc warrior
             ... wielding a +0 halberd
              (12 damage)
             ... on level 8 of the Dungeon.
             The game lasted 00:15:40 (6379 turns).

zishaf the Artisan of Death (DDNe)                  Turns: 6379, Time: 00:15:40

Health: -1/55      AC:  2    Str: 12    XL:     7   Next: 76%
Magic:  4/11       EV: 15    Int: 17    God:    Kikubaaqudgha [***...]
Gold:   283        SH:  0    Dex: 13    Spells: 3/12 levels left

rFire    . . .     SeeInvis .   a - +2 hand axe (elec)
rCold    . . .     Gourm    .   (no shield)
rNeg     . . .     Faith    .   g - +0 robe
rPois    .         Spirit   .   (no helmet)
rElec    .         Reflect  .   (no cloak)
rCorr    .         Harm     .   (no gloves)
MR       ++...                  (no boots)
Stlth    ++........             (no amulet)
HPRegen  0.00/turn              n - ring of protection from magic
MPRegen  0.12/turn              s - +1 ring of slaying

@: non-regenerating
A: damage resistance, heal wounds, sense surroundings 1, no regeneration
a: Heal Wounds, Receive Corpses, Renounce Religion


You were on level 8 of the Dungeon.
You worshipped Kikubaaqudgha.
Kikubaaqudgha was most pleased with you.
You were not hungry.

You visited 1 branch of the dungeon, and saw 6 of its levels.
You also visited: Sewer.

You collected 283 gold pieces.

Inventory:

Hand Weapons
 a - a +2 hand axe of electrocution (weapon)
 b - a +0 hunting sling
Missiles
 e - 140 stones (quivered)
 v - 39 sling bullets
Armour
 g - a +0 robe (worn)
Jewellery
 n - a ring of protection from magic (left hand)
 s - a +1 ring of slaying (right hand)
Wands
 l - a wand of random effects (6)
 t - a wand of digging (10)
 A - a wand of polymorph (11)
Scrolls
 d - 4 scrolls of remove curse
 j - 2 scrolls of enchant weapon
 p - 2 scrolls of amnesia {unknown}
 y - 2 scrolls of teleportation {unknown}
 z - a scroll of blinking
Potions
 f - 3 potions of heal wounds {unknown}
 h - a potion of haste {unknown}
 i - 2 potions of degeneration {unknown}
 k - 3 potions of might
 m - 3 potions of curing
 o - 3 potions of mutation
 q - 2 potions of lignification {unknown}
 r - a potion of flight {unknown}
 u - a potion of brilliance {unknown}
 x - a potion of agility {unknown}
Miscellaneous
 w - a phial of floods
Comestibles
 c - 6 rations


   Skills:
 + Level 4.5 Axes
 + Level 5.7 Dodging
 - Level 3.0 Stealth
 - Level 3.0 Spellcasting
 + Level 7.0 Necromancy


You had 3 spell levels left.
You knew the following spells:

 Your Spells              Type           Power        Failure   Level  Hunger
a - Pain                  Necr           ####         1%          1    None
b - Animate Dead          Necr           N/A          10%         4    ####...
c - Vampiric Draining     Necr           ####......   3%          3    ###....
d - Animate Skeleton      Necr           N/A          1%          1    None

Your spell library contained the following spells:

 Spells                   Type           Power        Failure   Level  Hunger
 Sublimation of Blood     Necr           ####......   1%          2    ##.....
 Apportation              Tloc           #.....       17%         1    None
 Confusing Touch          Hex            #.....       17%         1    None
 Summon Small Mammal      Summ           #...         17%         1    None
 Agony                    Necr           ####....     26%         5    ######.
 Dispel Undead            Necr           ####....     26%         5    ######.
 Borgnjor's Vile Clutch   Necr/Erth      ##........   75%         5    ######.
 Excruciating Wounds      Chrm/Necr      ##........   75%         5    ######.
 Simulacrum               Ice/Necr       ##........   99%         6    #######
 Regeneration             Chrm/Necr      Unusable     N/A         3    N/A

Dungeon Overview and Level Annotations

Branches:
Dungeon (5/15)
 Temple: D:4-7

Altars:
Cheibriados
Gozag
Kikubaaqudgha
Nemelex Xobeh
Okawaru
Ru
Sif Muna
Trog
Vehumet
Xom
The Shining One


Innate Abilities, Weirdness & Mutations

You are resistant to damage.
You can heal yourself by infusing magical energy.
You passively map a small area around you.
You do not regenerate.


Message History

You see here an arrow.
An orc warrior comes into view. It is wielding a +0 halberd.
The crimson imp blinks!
The centaur shoots an arrow.
The arrow hits you!
You see here an arrow.
The orc warrior shouts!
The centaur shoots an arrow.
The arrow hits you!
The centaur shoots an arrow.
The arrow hits you!
* * * LOW HITPOINT WARNING * * *
You see here 2 arrows.
Kikubaaqudgha delivers you corpses!
You feel somewhat more hungry.
The centaur shoots an arrow.
The arrow hits you.
* * * LOW HITPOINT WARNING * * *
Casting: Vampiric Draining (safe; 3% risk of failure)
Confirm with . or Enter, or press ? or * to list all spells.
You call on the dead to rise...
The dead are walking and slithering!
An orc comes into view. It is wielding a +0 whip.
You swap places.
The orc warrior hits you with a +0 halberd!
You die...
Kikubaaqudgha rasps: "You have failed me!
Welcome... death!"

* #.#....#
..###...# *
#.# #c### ,
#.. #5# , ,
c.. * #(#
..# #.# *,
## * #(#
########Z# *
, .o.....@Z#
, ......#.o#
* #####.#.Z#
, ##......#
* *
*........###
*.#.##.....#
# ##...#.# ,
*
#......#.##
*
,####......#
,


You could see an orc warrior, a centaur, a crimson imp, an orc, a friendly
frilled lizard zombie, a friendly adder zombie and a friendly hobgoblin zombie.

Vanquished Creatures
  An ogre (D:4)
  4 bullfrogs
  A howler monkey (D:8)
  A centaur zombie (D:5)
  A bullfrog skeleton (D:4)
  A centaur skeleton (D:4)
  A hound (D:5)
  An orc wizard (D:5)
  An iguana (D:4)
  A worker ant (D:5)
  11 adders
  9 oozes (Sewer)
  4 worms
  2 dart slugs
  11 leopard geckos
  4 orcs
  7 bats
  12 giant cockroaches
  6 goblins
  6 hobgoblins
  12 jackals
  3 quokkas
  9 ball pythons
  10 frilled lizards (Sewer)
  6 kobolds
  A quokka skeleton (D:4)
  8 rats
134 creatures vanquished.

Vanquished Creatures (collateral kills)
  An ogre (D:4)
  An orc priest (D:5)
  2 oozes (Sewer)
  A dart slug (D:2)
  A leopard gecko (Sewer)
  2 giant cockroaches
  A kobold (D:2)
  A bat (D:2)
  A frilled lizard (Sewer)
  2 butterflies (D:2)
13 creatures vanquished.

Grand Total: 147 creatures vanquished

Notes
Turn   | Place    | Note
-------+----------+-------------------------------------------
     0 | D:1      | zishaf the Deep Dwarf Necromancer began the quest for the
                  | Orb.
     0 | D:1      | Reached XP level 1. HP: 15/15 MP: 3/3
   125 | D:1      | Learned a level 1 spell: Animate Skeleton
   236 | D:1      | Reached XP level 2. HP: 22/22 MP: 0/4
  1127 | D:2      | Found a shimmering altar of Xom.
  1193 | D:2      | Reached XP level 3. HP: 21/28 MP: 4/6
  1198 | D:2      | Learned a level 3 spell: Vampiric Draining
  1268 | D:2      | Found an ancient bone altar of Kikubaaqudgha.
  1368 | D:2      | Became a worshipper of Kikubaaqudgha
  1662 | D:2      | Reached skill level 5 in Necromancy
  1789 | D:2      | Reached XP level 4. HP: 25/36 MP: 5/7
  1908 | D:3      | Found a radiant altar of Vehumet.
  1908 | D:3      | Found a deep blue altar of Sif Muna.
  1909 | D:3      | Found a glowing golden altar of the Shining One.
  1915 | D:3      | Found a sacrificial altar of Ru.
  1915 | D:3      | Found a sparkling altar of Nemelex Xobeh.
  1916 | D:3      | Found an iron altar of Okawaru.
  2054 | D:3      | Found a snail-covered altar of Cheibriados.
  2577 | D:3      | Found a bloodstained altar of Trog.
  2598 | D:3      | Reached * piety under Kikubaaqudgha
  2598 | D:3      | Identified Kikubaaqudgha's Collected Works on Evil
                  | (Kikubaaqudgha gifted it to you on level 3 of the Dungeon)
  2598 | D:3      | Received a gift from Kikubaaqudgha
  2965 | D:4      | Noticed an ogre
  2980 | D:4      | Found a glowing drain.
  2989 | Sewer    | Entered a sewer
  3206 | Sewer    | Reached XP level 5. HP: 35/42 MP: 9/9
  3231 | Sewer    | Reached ** piety under Kikubaaqudgha
  3234 | Sewer    | Reached skill level 1 in Axes
  3874 | Sewer    | Reached XP level 6. HP: 36/49 MP: 3/10
  4357 | D:3      | Learned a level 4 spell: Animate Dead
  4633 | D:4      | Reached *** piety under Kikubaaqudgha
  4633 | D:4      | Identified Kikubaaqudgha's Tome of Necromancy
                  | (Kikubaaqudgha gifted it to you on level 4 of the Dungeon)
  4633 | D:4      | Received a gift from Kikubaaqudgha
  4784 | D:4      | Found an opulent altar of Gozag.
  4807 | D:4      | Reached skill level 6 in Necromancy
  5255 | D:4      | Reached XP level 7. HP: 36/55 MP: 11/11
  5327 | D:4      | Reached skill level 5 in Dodging
  5418 | D:5      | Entered Level 5 of the Dungeon
  6085 | D:5      | You fall through a shaft for 3 floors!
  6283 | D:8      | Reached skill level 7 in Necromancy
  6379 | D:8      | Slain by an orc warrior

Skill      XL: |  1  2  3  4  5  6  7 |
---------------+----------------------+-----
Spellcasting   | 2 3 |  3.0
Stealth        | 3 |  3.0
Dodging        | 3 4 5 |  5.7
Necromancy     | 5 6 7 |  7.0
Axes           | 2 3 4 |  4.5

Action                   |  1- 3 |  4- 6 |  7- 9 || total
-------------------------+-------+-------+-------++-------
Melee: Hand axe          |    71 |   109 |    21 ||   201
 Fire: Hunting sling     |       |    98 |    10 ||   108
 Cast: Pain              |    21 |     7 |       ||    28
       Animate Skeleton  |     9 |    15 |       ||    24
       Vampiric Draining |     3 |    37 |    20 ||    60
       Animate Dead      |       |     2 |     3 ||     5
Invok: Receive Corpses   |       |     1 |     1 ||     2
  Use: Scroll            |       |     5 |     2 ||     7
 Stab: Sleeping          |     1 |     3 |       ||     4
       Distracted        |     1 |       |       ||     1
  Eat: Chunk             |     4 |    17 |     6 ||    27
Armor: Robe              |    19 |    20 |     5 ||    44
Dodge: Dodged            |    62 |   119 |    24 ||   205
